 Dungeon Crawl Stone Soup version 0.31.0-7-gf635a9b802 (webtiles) character file.

Game seed: 873589274425651847

368 Esekla the Magician (level 6, -1/30 HPs)
             Began as a Spriggan Hedge Wizard on Jan 23, 2024.
             Was a Believer of Uskayaw.
             Slain by an orc
             ... wielding a +0 trident
              (5 damage)
             ... on level 4 of the Dungeon.
             The game lasted 00:26:05 (3731 turns).

Esekla the Magician (Spriggan Hedge Wizard)         Turns: 3731, Time: 00:26:06

Health: -1/30      AC:  3    Str:  6    XL:     6   Next: 41%
Magic:  7/15       EV: 18    Int: 17    God:    Uskayaw [**....]
Gold:   223        SH:  0    Dex: 15    Spells: 10/16 levels left

rFire   . . .        a - +0 dagger
rCold   . . .        (no shield)
rNeg    . . .        t - +1 robe of the Shining Light {Regen+}
rPois   .            c - +0 hat
rElec   .            (no cloak)
rCorr   .            (gloves unavailable)
SInv    +            (boots unavailable)
Will    +....        e - amulet of faith
Stlth   +++          b - +4 ring of slaying
HPRegen 1.05/turn    (no ring)
MPRegen 0.14/turn

%: faith
@: lethally poisoned (-1 -> -2), studying Fighting, very quick
A: very small, no large weapons, unfitting armour, see invisible, speed 3
a: Renounce Religion, Stomp, Line Pass


You were on level 4 of the Dungeon.
You worshipped Uskayaw.
Uskayaw was noncommittal.
You visited 1 branch of the dungeon, and saw 5 of its levels.

You collected 223 gold pieces.

Inventory:

Hand Weapons
 a - a +0 dagger (weapon)
Armour
 c - a +0 hat (worn)
 t - the +1 robe of the Shining Light (worn) {Regen+}
   (You found it on level 4 of the Dungeon)

   Regen+:    It increases your rate of health regeneration.
Jewellery
 b - a +4 ring of slaying (left hand)
 e - an amulet of faith (around neck)
Wands
 k - a wand of flame (18)
 q - a wand of paralysis (8)
Scrolls
 f - a scroll of poison {unknown}
 h - a scroll of fog {unknown}
 i - 2 scrolls of enchant weapon {unknown}
 j - a scroll of noise {unknown}
 l - 3 scrolls of brand weapon {unknown}
 m - 2 scrolls of amnesia {unknown}
 n - a scroll of enchant armour {unknown}
 o - a scroll of fear {unknown}
 p - a scroll of blinking {unknown}
 s - 3 scrolls of identify {unknown}
 u - a scroll of teleportation {unknown}
 y - a scroll of immolation {unknown}
Potions
 d - a potion of magic
 g - a potion of lignification {unknown}
 v - a potion of attraction {unknown}
 w - a potion of brilliance {unknown}
 x - 2 potions of invisibility {unknown}
 z - a potion of enlightenment {unknown}
 A - 2 potions of resistance {unknown}
 B - 2 potions of curing {unknown}


   Skills:
 * Level 1.0 Fighting
 + Level 1.4 Short Blades
 + Level 0.2 Throwing
 * Level 3.7 Dodging
 + Level 4.5 Stealth
 * Level 5.9 Spellcasting
 + Level 1.5 Conjurations
 - Level 0.7 Summonings
 * Level 2.9 Translocations
 * Level 1.4 Air Magic
 * Level 2.0 Alchemy


You had 10 spell levels left.
You knew the following spells:

 Your Spells              Type           Power      Damage    Failure   Level
a - Magic Dart            Conj           40%        1d5       7%          1
b - Blink                 Tloc           30%        N/A       6%          2
c - Mephitic Cloud        Conj/Alch/Air  10%        N/A       19%         3

Your spell library contained the following spells:

 Spells                   Type           Power      Damage    Failure   Level
 Foxfire                  Conj/Fire      28%        2x1d5     10%         1
 Cigotuvi's Dreadful Rot  Necr/Alch/Air  18%        N/A       12%         2
 Slow                     Hex            20%        N/A       13%         1
 Call Imp                 Summ           14%        N/A       14%         2
 Sublimation of Blood     Necr           5%         N/A       21%         2
 Plasma Beam              Fire/Air       3%         2x1d13    100%        6
 Starburst                Conj/Fire      3%         6d3       100%        6
 Summon Hydra             Summ           3%         N/A       100%        7


Dungeon Overview and Level Annotations

Branches:
Dungeon (5/15)
 Temple: D:4-7

Altars:
Uskayaw
The Shining One

Annotations:
D:3 Terence
D:4 Edmund


Innate Abilities, Weirdness & Mutations

You are very small and have problems with some larger weapons.
You are too small for most types of armour.
You have supernaturally acute eyesight. (SInv)
You cover ground extremely quickly. (Speed+++)


Message History

Okay, then.
An orc comes into view. It is wielding a +0 trident.
You feel sick.
Casting: Mephitic Cloud (quite dangerous; 19% risk of failure)
Confirm with . or Enter, or press ? or * to list all spells.
Aiming: Mephitic Cloud (quite dangerous; 19% risk of failure)
Press: ? - help, Shift-Dir - straight line, f - orc, p - Edmund
Aim: an orc, wielding a +0 club (chance to affect: 96%)
Okay, then.
Casting: Mephitic Cloud (quite dangerous; 19% risk of failure)
Confirm with . or Enter, or press ? or * to list all spells.
Aiming: Magic Dart (safe; 7% risk of failure)
Press: ? - help, Shift-Dir - straight line, f/p - Edmund
Aim: Edmund, wielding a +1 dire flail of venom and wearing a +0 ring mail (noxious fumes, moderately wounded, confused, 100% to hit)
Okay, then.
Casting: Magic Dart (safe; 7% risk of failure)
Confirm with . or Enter, or press ? or * to list all spells.
Okay, then.
Casting: Magic Dart (safe; 7% risk of failure)
Confirm with . or Enter, or press ? or * to list all spells.
Aiming: Magic Dart (safe; 7% risk of failure)
Press: ? - help, Shift-Dir - straight line, f - orc, p - Edmund
Aim: an orc, wielding a +0 club (100% to hit)
The magic dart hits the orc.
The orc is lightly wounded.
You feel very sick.
Edmund is engulfed in noxious fumes.
Edmund appears confused.
You feel sick. The orc closely misses you.
Okay, then.
Okay, then.
You feel sick.
You feel sick. The orc attacks as it pursues you!
The orc hits you with a +0 club.
* * * LOW HITPOINT WARNING * * *
The orc misses you.
Edmund looks very confused.
You feel sick. The orc attacks as it pursues you! The orc closely misses you.
The orc attacks as it pursues you!
The orc hits you from afar with a +0 trident.
You die...

##...## #.....#
##†## #.##..# #@#
#.....# #)#
#..##.# ##.##
#..##.# ##)..##
#.....# #.○...#
##.####
#.##..o########.#
#......o@.......#
#####.###########
#.# #.# #.#
#.########
#........#
#..#####.# ####
#..# #.#


You could see 2 orcs.

Vanquished Creatures
  A scorpion (D:4)
  A hound (D:3)
  An orc priest (D:4)
  An iguana (D:4)
  3 orc wizards
  Robin (D:2)
  2 adders
  3 ribbon worms
  2 dart slugs
  9 orcs
  3 endoplasms
  6 giant cockroaches
  16 goblins
  9 hobgoblins
  10 jackals
  6 kobolds
  9 ball pythons
  7 bats
  4 frilled lizards
  8 rats
102 creatures vanquished.

Notes
Turn   | Place    | Note
-------+----------+-------------------------------------------
     0 | D:1      | Esekla the Spriggan Hedge Wizard began the quest for the
                  | Orb.
     0 | D:1      | Reached XP level 1. HP: 9/9 MP: 6/6
   425 | D:2      | Noticed Robin
   430 | D:1      | Reached XP level 2. HP: 12/13 MP: 6/8
   433 | D:1      | Learned a level 2 spell: Blink
   787 | D:3      | Noticed Terence
  1005 | D:3      | Reached XP level 3. HP: 15/16 MP: 10/10
  1011 | D:3      | Learned a level 3 spell: Mephitic Cloud
  1189 | D:3      | Reached skill level 5 in Spellcasting
  1392 | D:2      | Found a faded altar of an unknown god.
  1395 | D:2      | Prayed at the altar of an unknown god.
  1395 | D:2      | Became a worshipper of Uskayaw the Reveller
  1395 | D:2      | Reached * piety under Uskayaw
  1585 | D:3      | Reached ** piety under Uskayaw
  1587 | D:3      | Reached skill level 1 in Alchemy
  1587 | D:3      | Reached XP level 4. HP: 15/21 MP: 9/12
  1927 | D:4      | Identified the +1 robe of the Shining Light {Regen+}
  2126 | D:4      | Reached skill level 1 in Conjurations
  2126 | D:4      | Reached XP level 5. HP: 20/24 MP: 8/14
  2231 | D:4      | Found a glowing golden altar of the Shining One.
  2248 | D:4      | Reached skill level 1 in Short Blades
  2248 | D:4      | Reached skill level 1 in Air Magic
  2680 | D:5      | Entered Level 5 of the Dungeon
  2833 | D:2      | Reached XP level 6. HP: 29/29 MP: 15/15
  3446 | D:2      | Killed Robin
  3685 | D:4      | Noticed Edmund
  3686 | D:4      | Reached *** piety under Uskayaw
  3724 | D:4      | Reached skill level 1 in Fighting
  3731 | D:4      | Slain by an orc

Illustrated notes

Levels and vault maps discovered:
D:1:      minmay_arrival_diagonal_passages, layout_basic
D:2:      layout_rooms, shapermc_ecumenical_altar_mp_urbaneastern, uniq_robin
D:3:      minmay_inner_zag, layout_rooms, uniq_terence
D:4:      layout_loops_corners, mainiacjoe_overflow_concentric_impassable,
          uniq_edmund
D:5:      layout_basic, minmay_temple_entry_fiery, serial_shops,
          nicolae_shop_industrial_runoff, minmay_shop_enchanted_jewellery,
          uniq_pikel

Skill      XL: |  1  2  3  4  5  6 |
---------------+-------------------+-----
Spellcasting   | 5 |  5.9
Dodging        | 3 |  3.7
Translocations | 2 |  2.9
Alchemy        | 1 2 |  2.0
Conjurations   | 1 |  1.5
Short Blades   | 1 |  1.4
Stealth        | 4 |  4.5
Air Magic      | 1 |  1.4
Fighting       | 1 |  1.0
Throwing       | |  0.2
Summonings     | |  0.7

Action                     |  1- 3 |  4- 6 || total
---------------------------+-------+-------++-------
  Melee: Dagger            |    95 |   177 ||   272
         Punch             |     3 |     1 ||     4
  Throw: Dart              |       |    13 ||    13
   Cast: Magic Dart        |    43 |    53 ||    96
         Blink             |     2 |     1 ||     3
         Mephitic Cloud    |     1 |    12 ||    13
   Stab: Sleeping          |    10 |    12 ||    22
         Confused          |     2 |    12 ||    14
         Paralysed         |       |     1 ||     1
 Armour: Robe              |    24 |    33 ||    57
  Dodge: Dodged            |    79 |   127 ||   206
